 Dungeon Crawl Stone Soup version 0.31-a0-187-gba352fbbf7 (webtiles) character file.

Game seed: 13860686880270678026

285 qw the Skirmisher (level 6, -3/35 HPs)
             Began as a Deep Elf Hunter on June 22, 2023.
             Slain by a black bear (5 damage)
             ... on level 4 of the Dungeon.
             The game lasted 00:00:53 (2541 turns).

qw the Skirmisher (Deep Elf Hunter)                 Turns: 2541, Time: 00:00:54

Health: -3/35      AC:  8    Str: 10    XL:     6   Next: 7%
Magic:  8/8        EV: 13    Int: 14    God:
Gold:   223        SH:  0    Dex: 18    Spells: 5/5 levels left

rFire   . . .        Y - +0 orcbow
rCold   . . .        (shield currently unavailable)
rNeg    . . .        c - +0 leather armour
rPois   .            f - +0 helmet
rElec   .            (no cloak)
rCorr   .            (no gloves)
SInv    .            (no boots)
Will    .....        (no amulet)
Stlth   ++           j - +4 ring of protection
HPRegen 0.25/turn    (no ring)
MPRegen 0.11/turn

%: no passive effects
@: about to teleport
A: no striking features
a: no special abilities


You were on level 4 of the Dungeon.
You visited 1 branch of the dungeon, and saw 4 of its levels.

You collected 223 gold pieces.


   Skills:
 + Level 1.6 Fighting
 - Level 9.1 Ranged Weapons
 - Level 3.7 Dodging
 - Level 1.2 Stealth


You had 5 spell levels left.
You didn't know any spells.
Your spell library was empty.

Inventory:

Hand Weapons
 Y - a +0 orcbow (weapon)
Armour
 c - a +0 leather armour (worn)
 f - a +0 helmet (worn)
 k - the +3 leather armour of Zamui {Contam rElec rF+}
   (You found it on level 4 of the Dungeon)

   rF:        It protects you from fire.
   rElec:     It insulates you from electricity.
   Contam:    It causes magical contamination when unequipped.
Jewellery
 j - a +4 ring of protection (left hand)
Scrolls
 b - 2 scrolls of identify
 h - 3 scrolls of teleportation
Potions
 a - a potion of mutation
 d - a potion of heal wounds {unknown}
 e - a potion of haste {unknown}
 g - a potion of curing
 i - a potion of cancellation {unknown}

Dungeon Overview and Level Annotations

Branches:
Dungeon (4/15)
 Temple: D:4-7

Altars:

Shops:
D:1 :


Message History

The black bear is moderately wounded.
You shoot an arrow.
The arrow closely misses the black bear.
You shoot an arrow. The arrow hits the black bear!
The black bear is severely wounded.
The black bear misses you. The black bear closely misses you.
The black bear claws you.
You shoot an arrow.
The arrow closely misses the black bear.
The black bear bites you.
The black bear claws you but does no damage.
The black bear barely misses you.
You shoot an arrow. The arrow barely misses the black bear.
The black bear completely misses you. The black bear claws you. x2
You shoot an arrow. The arrow hits the black bear!
The black bear is almost dead.
The black bear goes berserk!
You shoot an arrow.
The arrow closely misses the black bear.
The black bear bites you.
The black bear claws you but does no damage. x2
The black bear bites you! The black bear claws you. x2
You shoot an arrow. The arrow barely misses the black bear.
The black bear barely misses you. The black bear closely misses you.
The black bear claws you but does no damage.
You shoot an arrow.
The arrow hits the black bear but does no damage.
The black bear is almost dead.
The black bear bites you. The black bear barely misses you.
The black bear closely misses you. The black bear barely misses you.
The black bear claws you but does no damage.
The black bear claws you.
2541 ||| READING 4 scrolls of teleportation.
As you read the scroll of teleportation, it crumbles to dust.
You feel strangely unstable.
The black bear bites you but does no damage.
The black bear misses you.
The black bear claws you but does no damage.
The black bear barely misses you. The black bear claws you.
You die...

#. #.# #.. .
#..# ###.#
##...####...
#....#....
##......h#
#......@#
........##
.........#
###......##
##......##
#.......#
##.......##
#.........##.#
#......#.....#


You could see a black bear (berserk).

Vanquished Creatures
  An ice beast (D:4)
  A scorpion (D:4)
  An orc wizard (D:3)
  4 adders
  3 worms
  5 orcs
  5 ball pythons
  5 endoplasms
  2 giant cockroaches
  2 goblins (D:1)
  10 hobgoblins
  3 jackals (D:1)
  3 kobolds
  2 quokkas
  7 bats
  3 frilled lizards (D:3)
  5 rats
62 creatures vanquished.

Notes
Turn   | Place    | Note
-------+----------+-------------------------------------------
     0 | D:1      | qw the Deep Elf Hunter began the quest for the Orb.
     0 | D:1      | Reached XP level 1. HP: 12/12 MP: 3/3
     0 | D:1      | 0 ||| qw: Version: 0.3-a-9-g12657ce
     0 | D:1      | 0 ||| qw: Game counter: 2398
     0 | D:1      | 0 ||| qw: Always use a shield: true
     0 | D:1      | 0 ||| qw: God list: Okawaru
     0 | D:1      | 0 ||| qw: Allow faded altars: false
     0 | D:1      | 0 ||| qw: Do Orc after D:15 true
     0 | D:1      | 0 ||| qw: Do second Lair branch before Depths: true
     0 | D:1      | 0 ||| qw: Lair rune preference: random
     0 | D:1      | 0 ||| qw: Plans: Normal
     0 | D:1      | 0 ||| PLANNING D:1-11
   308 | D:1      | Reached XP level 2. HP: 16/16 MP: 4/4
   330 | D:1      | Reached skill level 6 in Ranged Weapons
   331 | D:1      | Found Mutwobim's Book Shoppe.
   497 | D:1      | 497 ||| SWAPPING to +0 orcbow.
   498 | D:1      | 498 ||| DROPPING +0 shortbow.
   931 | D:1      | 931 ||| READING 2 scrolls labelled XABLIE MINTEES.
   936 | D:1      | 936 ||| DROPPING scroll of butterflies.
  1081 | D:2      | Reached XP level 3. HP: 12/20 MP: 5/5
  1137 | D:2      | Reached skill level 7 in Ranged Weapons
  1477 | D:2      | 1477 ||| READING 2 scrolls labelled ANTAFI XUTSI.
  1478 | D:2      | 1478 ||| READING scroll labelled QIOBOC IPSIC.
  1479 | D:2      | 1479 ||| READING 3 scrolls labelled GEAGUA VIROST.
  1480 | D:2      | 1480 ||| DRINKING 2 inky potions.
  1485 | D:2      | 1485 ||| STAIRDANCE
  1587 | D:1      | 1587 ||| DRINKING 2 black potions.
  1591 | D:1      | 1591 ||| DROPPING potion of berserk rage.
  1592 | D:1      | 1592 ||| DROPPING potion of ambrosia.
  1593 | D:1      | 1593 ||| DROPPING 2 scrolls of vulnerability.
  1662 | D:3      | Reached XP level 4. HP: 25/25 MP: 6/6
  1868 | D:3      | Reached skill level 8 in Ranged Weapons
  2228 | D:3      | 2228 ||| UPGRADING to +0 helmet.
  2233 | D:3      | 2233 ||| UPGRADING to +4 ring of protection.
  2234 | D:3      | 2234 ||| READING 3 scrolls labelled WIUBBO POUNTOM.
  2235 | D:3      | 2235 ||| DRINKING 2 dark potions.
  2236 | D:3      | 2236 ||| DRINKING 2 ruby potions.
  2237 | D:3      | 2237 ||| READING 2 scrolls of identify.
  2237 | D:3      | 2237 ||| IDENTIFYING fizzy grey potion
  2238 | D:3      | 2238 ||| DROPPING potion of attraction.
  2239 | D:3      | 2239 ||| DROPPING 2 scrolls of noise.
  2293 | D:4      | Noticed an ice beast
  2301 | D:4      | Killed an ice beast
  2302 | D:4      | Reached skill level 9 in Ranged Weapons
  2302 | D:4      | Reached XP level 5. HP: 29/29 MP: 7/7
  2391 | D:4      | Reached skill level 3 in Dodging
  2391 | D:4      | Reached XP level 6. HP: 32/34 MP: 8/8
  2455 | D:4      | Identified the +3 leather armour of Zamui {Contam rElec
                  | rF+}
  2540 | D:4      | HP: 7/35 [black bear (2)]
  2540 | D:4      | HP: 2/35 [black bear (5)]
  2541 | D:4      | 2541 ||| READING 4 scrolls of teleportation.
  2541 | D:4      | Slain by a black bear

Levels and vault maps discovered:
D:1:      erik_arrival_orb_chamber, layout_basic, serial_shops,
          nicolae_shop_stone, grunt_decor_cap
D:2:      layout_loops_ring
D:3:      layout_loops_ring, minmay_joined_circles
D:4:      layout_layer_cave, mainiacjoe_overflow_two_lobes,
          nicolae_tso_swordbearing_angel, serial_shops, nicolae_shop_crystal

Skill      XL: |  1  2  3  4  5 |
---------------+----------------+-----
Ranged Weapons | 6 7 9 |  9.1
Dodging        | 3 |  3.7
Fighting       | |  1.6
Stealth        | |  1.2

Action                     |  1- 3 |  4- 6 || total
---------------------------+-------+-------++-------
   Fire: Shortbow          |    38 |       ||    38
         Orcbow            |    69 |    96 ||   165
    Use: Scroll            |     4 |     3 ||     7
         Potion            |     2 |     2 ||     4
 Armour: Leather armour    |    16 |    19 ||    35
  Dodge: Dodged            |    31 |    29 ||    60

Table legend:
 A = Non-vault XP
 B = Vault XP
 C = Vault XP percentage of total XP
 D = Non-vault monster count
 E = Vault monster count
 F = Vault count percentage of total count
                 A         B        C        D         E       F
            +---------+---------+-------+---------+---------+-------
      Total |     386 |      22 |   5.4 |      50 |      12 |  19.4
            +---------+---------+-------+---------+---------+-------
        D:1 |      19 |       0 |   0.0 |      10 |       0 |   0.0
        D:2 |      70 |       0 |   0.0 |      18 |       0 |   0.0
        D:3 |      63 |      22 |  25.9 |      14 |      12 |  46.2
        D:4 |     234 |       0 |   0.0 |       8 |       0 |   0.0
            +---------+---------+-------+---------+---------+-------
